 Dungeon Crawl Stone Soup version 0.30.1-11-g7821555f0a (webtiles) character file.

Game seed: 16455337427547417924

110 RancidPinata the Cudgeller (level 4, -5/28 HPs)
             Began as a Gargoyle Gladiator on Nov 16, 2023.
             Killed by divine providence
             ... invoked by an orc priest
              (14 damage)
             ... on level 3 of the Dungeon.
             The game lasted 00:08:54 (2918 turns).

RancidPinata the Cudgeller (Gargoyle Gladiator)     Turns: 2918, Time: 00:08:56

Health: -5/28      AC: 10    Str: 18    XL:     4   Next: 91%
Magic:  4/4        EV: 11    Int: 10    God:
Gold:   48         SH:  0    Dex: 13    Spells: 3/3 levels left

rFire   + . .        a - +0 flail
rCold   . . .        (no shield)
rNeg    + . .        f - +0 ring mail
rPois   ∞            (helmet restricted)
rElec   +            (no cloak)
rCorr   .            x - +0 pair of gloves
SInv    .            (no boots)
Will    +....        (no amulet)
Stlth   ++           l - ring of protection from fire
HPRegen 0.24/turn    (no ring)
MPRegen 0.09/turn

%: no passive effects
@: no status effects
A: sickness immunity, AC +3, negative energy resistance 1, electricity
resistance, torment resistance 1, petrification resistance, antennae 1, thin
skeletal structure 1, strong-willed 1
a: no special abilities


You were on level 3 of the Dungeon.
You visited 1 branch of the dungeon, and saw 4 of its levels.

You collected 136 gold pieces.
You spent 88 gold pieces at shops.

Inventory:

Hand Weapons
 a - a +0 flail (weapon)
Missiles
 d - 3 throwing nets (quivered)
 e - 5 javelins
 j - 37 stones
 y - 4 poisoned darts
Armour
 f - a +0 ring mail (worn)
 x - a +0 pair of gloves (worn)
Jewellery
 l - a ring of protection from fire (left hand)
 t - a ring of flight
 v - a ring of ice
 w - an amulet of faith
Wands
 s - a wand of flame (22)
Scrolls
 b - a scroll of vulnerability {unknown}
 c - 3 scrolls of enchant weapon {unknown}
 h - 3 scrolls of butterflies {unknown}
 i - a scroll of immolation {unknown}
 k - a scroll of amnesia {unknown}
 m - a scroll of fog {unknown}
 p - a scroll of enchant armour {unknown}
 u - 3 scrolls of noise {unknown}
 z - a scroll of fear {unknown}
 A - a scroll of identify {unknown}
 B - 2 scrolls of teleportation {unknown}
 C - a scroll of torment {unknown}
Potions
 g - a potion of magic {unknown}
 n - a potion of ambrosia {unknown}
 o - 2 potions of curing {unknown}
 r - a potion of flight {unknown}


   Skills:
 * Level 3.6 Fighting
 * Level 4.0 Maces & Flails
 + Level 2.3 Throwing
 + Level 1.5 Armour
 - Level 2.4 Dodging


You had 3 spell levels left.
You didn't know any spells.
Your spell library was empty.

Dungeon Overview and Level Annotations

Branches:
Dungeon (4/15)
 Temple: D:4-7

Altars:
Dithmenos

Shops:
D:1 *


Innate Abilities, Weirdness & Mutations

You are immune to sickness and miasma.
Your stone body is resilient. (AC +3)
You are immune to poison.
You resist negative energy. (rN+)
You are resistant to electric shocks. (rElec)
You are resistant to unholy torment.
You are immune to petrification.
You have a pair of small antennae on your head.
You have a somewhat thin skeletal structure. (Dex +2, Stealth+)
You are strong-willed. (Will+)


Message History

You see here an adder corpse.
You start resting.
HP restored.
You see here an adder corpse.
c - 3 scrolls labelled WANACR AHUFO (gained 1)
An ogre is nearby!
You see here a +0 ring mail.
There is a stone staircase leading down here.
You climb downwards.
The orc shouts!
The orc wizard shouts!
The orc shouts!
The orc priest shouts!
There is a stone staircase leading up here.
Unknown command.
The orc priest hits you but does no damage.
The orc hits you with a +0 club. The orc closely misses you.
The orc wizard hits you but does no damage.
The orc priest looks braver for a moment.
You climb upwards.
There is a stone staircase leading down here.
You completely miss the orc. The orc closely misses you.
The orc hits you with a +0 club.
The orc priest looks braver for a moment.
The orc priest mumbles some strange prayers to Beogh against you.
Beogh smites you!
Unknown command.
The air fills with toxic fumes!
As you read the scroll labelled RUAMUE IFRAS, it crumbles to dust.
It was a scroll of poison.
The orc completely misses you. The orc barely misses you.
The orc wizard mumbles some strange words.
The orc wizard flickers and vanishes!
Deactivating autopickup; reactivate with Ctrl-A.
The orc priest closely misses you.
You hit the orc priest.
The orc priest is moderately wounded.
The orc completely misses you. The orc hits you but does no damage.
The orc priest hits you with a +0 hand axe.
The orc priest calls down the wrath of Beogh upon you.
Beogh smites you!
Ouch! That really hurt!
You die...

########### ####### ##..........
#.....# #.......####
#####....§############§§####.#
.........§§§§§{o@oo§§§§§...#.####
#####....§######o#########.#.#...
#.....# #§# #....... #####.....#
#§#.# #.#.#... ..........#
#§#.#...#.###.#.## ..........#
#§#.#.#.#.#.>..... ..........#
#§#.#.#.#.#.#.#.##
......##########§#.#.#.#.#^#.....
......# #.....#.#.#.#.#.#....#


You could see 2 orc priests and 2 orcs.

Vanquished Creatures
  Robin (D:2)
  3 adders (D:3)
  A worm (D:3)
  3 dart slugs
  11 bats
  7 endoplasms
  A giant cockroach (D:3)
  11 goblins
  4 hobgoblins
  A jackal (D:1)
  A quokka (D:2)
  3 ball pythons
  4 frilled lizards
  3 kobolds (D:1)
  4 rats
58 creatures vanquished.

Notes
Turn   | Place    | Note
-------+----------+-------------------------------------------
     0 | D:1      | RancidPinata the Gargoyle Gladiator began the quest for the
                  | Orb.
     0 | D:1      | Reached XP level 1. HP: 12/12 MP: 1/1
   224 | D:3      | Noticed an ogre
   396 | D:2      | Reached XP level 2. HP: 14/18 MP: 2/2
   560 | D:2      | Noticed Robin
   575 | D:2      | Killed Robin
   576 | D:2      | Reached skill level 1 in Armour
   576 | D:2      | Reached XP level 3. HP: 17/22 MP: 3/3
  1032 | D:3      | Found a faded altar of an unknown god.
  1146 | D:3      | Reached XP level 4. HP: 19/28 MP: 4/4
  1512 | D:1      | Found Rukkeir's General Store.
  1534 | D:1      | Bought a potion of mutation for 88 gold pieces
  1534 | D:1      | Gained mutation: You have a pair of small antennae on your
                  | head. [potion of mutation]
  1534 | D:1      | Gained mutation: You are strong-willed. (Will+) [potion of
                  | mutation]
  1534 | D:1      | Gained mutation: You have a somewhat thin skeletal
                  | structure. (Dex +2, Stealth+) [potion of mutation]
  1660 | D:1      | You fall into a shaft and drop 1 floor!
  2673 | D:3      | Found a shadowy altar of Dithmenos.
  2766 | D:3      | Reached skill level 4 in Maces & Flails
  2918 | D:3      | Killed from afar by an orc priest

Illustrated notes

Levels and vault maps discovered:
D:1:      amcnicky_arrival_gap_in_the_tavern_cellar, layout_basic, serial_shops,
          shop, minmay_split_cup_large
D:2:      layout_loops_ring, uniq_robin
D:3:      layout_basic, old_standard_altar,
          dreamdust_ecumenical_altar_angels_and_demons
D:4:      layout_basic, nemelex_dance_club_becter,
          nicolae_hepliaklqana_monster_ancestors

Skill      XL: |  1  2  3  4 |
---------------+-------------+-----
Throwing       | 2 |  2.3
Armour         | 1 |  1.5
Fighting       | 3 |  3.6
Maces & Flails | 4 |  4.0
Dodging        | |  2.4

Action                     |  1- 3 |  4- 6 || total
---------------------------+-------+-------++-------
  Melee: Flail             |    88 |    94 ||   182
    Use: Scroll            |       |     1 ||     1
         Potion            |       |     1 ||     1
   Stab: Sleeping          |       |     2 ||     2
 Armour: Ring mail         |    52 |    65 ||   117
  Dodge: Dodged            |    81 |    88 ||   169
